 Dungeon Crawl Stone Soup version 0.26-a0-27-g1f0226971c (webtiles) character file.

Game seed: 3555252951526810941, levelgen mode: deterministic

959 Esekla the Ducker (level 8, -2/52 HPs)
             Began as an Octopode Warper on May 27, 2020.
             Slain by Duvessa
             ... wielding a +0 short sword
              (17 damage)
             ... on level 7 of the Dungeon.
             The game lasted 00:34:09 (5964 turns).

Esekla the Ducker (Octopode Warper)                 Turns: 5964, Time: 00:34:09

Health: -2/52      AC:  1    Str: 13    XL:     8   Next: 14%
Magic:  11/12      EV: 15    Int: 20    God:
Gold:   388        SH:  4    Dex: 13    Spells: 8/12 levels left

rFire    + . .     SeeInvis .   v - +7 hand axe of Animal Spirits {flame, rN+ Str-3 Int+4}
rCold    + . .     Gourm    .   i - +0 buckler
rNeg     + . .     Faith    .   (helmet restricted)
rPois    .         Spirit   .   (no amulet)
rElec    .         Reflect  .   r - ring of protection from cold
rCorr    .         Harm     .   k - +6 ring of strength
MR       +....                  (no ring)
Stlth    +++.......             (no ring)
HPRegen  0.17/turn              (no ring)
MPRegen  0.13/turn              (no ring)
                                (no ring)
                                (no ring)

@: no status effects
A: almost no armour, stealthy swim, amphibious, 8 rings, constrict 8, fangs 1,
camouflage 1, fire resistance 1, magic resistance 1, gelatinous body 1
a: no special abilities


You were on level 7 of the Dungeon.
You were not hungry.

You visited 1 branch of the dungeon, and saw 7 of its levels.
You also visited: Sewer.

You collected 388 gold pieces.

Inventory:

Hand Weapons
 a - a +0 falchion
 p - a +0 trident of freezing
 v - the +7 hand axe of Animal Spirits (weapon) {flame, rN+ Str-3 Int+4}
   (You found it on level 4 of the Dungeon)

   It has been specially enchanted to burn those struck by it, causing extra
   injury to most foes and up to half again as much damage against particularly
   susceptible opponents.
   Big, fiery blades are also staple armaments of hydra-hunters.
   It affects your strength (-3).
   It affects your intelligence (+4).
   It protects you from negative energy.
Missiles
 b - 13 javelins (quivered)
 d - 5 boomerangs of dispersal
 y - 3 boomerangs
Armour
 i - a +0 buckler (worn)
Jewellery
 h - an uncursed ring of teleportation
 k - a +6 ring of strength (right tentacle)
 r - a ring of protection from cold (left tentacle)
Wands
 l - a wand of random effects (16)
 o - a wand of disintegration (34)
Scrolls
 c - 2 scrolls of blinking
 j - 2 scrolls of teleportation {unknown}
 m - 2 scrolls of fog {unknown}
 s - a scroll of enchant weapon {unknown}
 t - 4 scrolls of remove curse
 x - a scroll of noise {unknown}
 B - a scroll of identify
Potions
 e - a potion of flight
 g - a potion of heal wounds {unknown}
 n - 2 potions of stabbing {unknown}
 q - 7 potions of curing
 u - a potion of mutation
 w - a potion of might {unknown}
 z - a potion of resistance {unknown}
 A - 3 potions of lignification
 C - a potion of degeneration {unknown}
 D - a potion of magic {unknown}
Comestibles
 f - 12 rations


   Skills:
 + Level 3.1 Fighting
 * Level 4.4 Long Blades
 + Level 2.1 Axes
 - Level 1.0 Throwing
 * Level 4.4 Dodging
 + Level 3.5 Stealth
 * Level 3.0 Shields
 + Level 2.7 Spellcasting
 * Level 2.8 Charms
 + Level 3.8 Translocations


You had 8 spell levels left.
You knew the following spells:

 Your Spells              Type           Power        Failure   Level  Hunger
a - Shroud of Golubria    Chrm/Tloc      ###...       6%          2    ##.....
b - Blink                 Tloc           N/A          4%          2    ##.....

Your spell library contained the following spells:

 Spells                   Type           Power        Failure   Level  Hunger
 Gell's Gravitas          Tloc           ###.......   10%         3    ###....
 Lesser Beckoning         Tloc           ###.......   10%         3    ###....
 Teleport Other           Tloc           ###.....     10%         3    ###....
 Passage of Golubria      Tloc           N/A          32%         4    ####...


Dungeon Overview and Level Annotations

Branches:
Dungeon (7/15)              Sewer (visited)
 Temple: D:4-7

Altars:
Ashenzari
Dithmenos
Fedhas
Nemelex Xobeh
Okawaru
Uskayaw
Vehumet
The Shining One

Annotations:
D:4 2 transporters
D:7 Duvessa


Innate Abilities, Weirdness & Mutations

You cannot wear most types of armour.
You are very stealthy in the water. (Stealth+)
You are amphibious.
You can wear up to eight rings at the same time.
You can use your tentacles to constrict eight enemies at once.
Your skin changes colour to match your surroundings (Stealth+).
Your rubbery body absorbs attacks. (AC +1, EV +1)
You have very sharp teeth.
Your flesh is heat resistant. (rF+)
You are resistant to hostile enchantments. (MR+)


Message History

You barely miss Dowan. You constrict Duvessa.
Duvessa hits you with a +0 short sword!
Your shroud falls apart!
Duvessa closely misses you. Dowan hits you with a +0 dagger.
You hit Duvessa. You burn Duvessa.
Duvessa is moderately wounded.
You hit Dowan. You burn Dowan.
You kill Dowan!
Duvessa weeps, then rights herself and shakes her weapon.
Duvessa goes berserk!
You constrict Duvessa. You block Duvessa's attack.
Duvessa completely misses you.
You hit Duvessa. You burn Duvessa.
Duvessa is heavily wounded.
You constrict Duvessa. Duvessa barely misses you.
Duvessa hits you with a +0 short sword!!
* * * LOW HITPOINT WARNING * * *
You hit Duvessa. You burn Duvessa. You squeeze Duvessa.
Duvessa is severely wounded.
You constrict Duvessa. Duvessa hits you with a +0 short sword!
You die...

... ### .ā‰ˆ#
#..##..#
ā‰ˆ.#.
#......#
....##..#...
...........###
#...........#
#.....eā€
)...#
#......@.#
#.#......##
#.......#
..##......##
.......<..#
........#.#
..###......# .
.......##
.........


You could see Duvessa (berserk, fast).

Vanquished Creatures
  Menkaure (D:5)
  An ogre (D:6)
  2 bullfrogs
  Dowan (D:7)
  2 howler monkeys
  2 crimson imps
  A jelly (D:6)
  An iguana (D:4)
  A worker ant (D:5)
  A hound skeleton (D:4)
  8 gnolls
  12 adders
  A river rat (D:3)
  A shadow imp (D:5)
  2 oozes (D:1)
  An adder skeleton (D:6)
  2 worms (D:3)
  A dart slug (D:1)
  5 leopard geckos
  13 orcs
  A ball python (Sewer)
  2 giant cockroaches
  7 goblins
  7 hobgoblins (D:2)
  6 jackals (Sewer)
  14 kobolds
  4 quokkas
  7 bats
  13 frilled lizards
  A leopard gecko skeleton (D:4)
  A quokka skeleton (D:5)
  8 rats
  5 plants (Sewer)
135 creatures vanquished.

Notes
Turn   | Place    | Note
-------+----------+-------------------------------------------
     0 | D:1      | Esekla the Octopode Warper began the quest for the Orb.
     0 | D:1      | Reached XP level 1. HP: 14/14 MP: 3/3
    60 | D:1      | Reached XP level 2. HP: 19/19 MP: 5/5
   311 | D:1      | Learned a level 2 spell: Shroud of Golubria
   314 | D:1      | Learned a level 2 spell: Blink
   351 | D:1      | Found a sparkling altar of Nemelex Xobeh.
   744 | D:1      | Reached XP level 3. HP: 21/24 MP: 6/6
  1184 | D:2      | Reached XP level 4. HP: 21/29 MP: 7/7
  1551 | D:2      | Gained mutation: You are clumsy. (Dex -2) [potion of
                  | mutation]
  1551 | D:2      | Gained mutation: You are robust. (+10% HP) [potion of
                  | mutation]
  1551 | D:2      | Gained mutation: You have very sharp teeth. [potion of
                  | mutation]
  2359 | D:2      | Reached skill level 1 in Shields
  2521 | D:3      | Reached XP level 5. HP: 38/38 MP: 5/8
  2589 | D:3      | Found a glowing drain.
  2702 | Sewer    | Entered a sewer
  2840 | Sewer    | Reached skill level 1 in Stealth
  3210 | Sewer    | Reached skill level 1 in Charms
  3672 | D:3      | Found an iron altar of Okawaru.
  3672 | D:3      | Found a shadowy altar of Dithmenos.
  4008 | D:4      | Reached XP level 6. HP: 45/45 MP: 2/9
  4055 | D:4      | Found a transporter.
  4057 | D:4      | Noticed a fire bat
  4057 | D:4      | Noticed a fire bat
  4157 | D:4      | Got a jewelled hand axe
  4371 | D:4      | Found a transporter.
  4421 | D:5      | Entered Level 5 of the Dungeon
  4422 | D:5      | Noticed Menkaure
  4427 | D:5      | Killed Menkaure
  4579 | D:5      | Identified the +7 hand axe of Animal Spirits {flame, rN+
                  | Str-3 Int+4} (You found it on level 4 of the Dungeon)
  4704 | D:5      | Reached XP level 7. HP: 40/49 MP: 7/10
  5304 | D:6      | Reached skill level 1 in Axes
  5313 | D:6      | Found a glowing golden altar of the Shining One.
  5578 | D:6      | Reached XP level 8. HP: 57/57 MP: 12/12
  5663 | D:6      | Lost mutation: You are robust. (+10% HP) [potion of
                  | mutation]
  5663 | D:6      | Lost mutation: You are clumsy. (Dex -2) [potion of
                  | mutation]
  5663 | D:6      | Gained mutation: Your flesh is heat resistant. (rF+)
                  | [potion of mutation]
  5663 | D:6      | Gained mutation: You are resistant to hostile enchantments.
                  | (MR+) [potion of mutation]
  5715 | D:6      | Found a radiant altar of Vehumet.
  5718 | D:6      | Found a blossoming altar of Fedhas.
  5915 | D:6      | Found a shattered altar of Ashenzari.
  5917 | D:6      | Found a hide-covered altar of Uskayaw.
  5950 | D:7      | Noticed Duvessa
  5950 | D:7      | Noticed Dowan
  5962 | D:7      | Killed Dowan
  5964 | D:7      | Slain by Duvessa

Illustrated notes

Levels and vault maps discovered:
D:1:      scummos_arrival_gate, layout_basic, nemelex_diamond_rough_becter
D:2:      minmay_wonky_spiral, layout_rooms
D:3:      kennysheep_big_flooded_room, layout_rooms,
          amethyst_overflow_temple_binary, first_ration,
          lightli_sewer_entry_pipes, minmay_misc_feat_enclosed
D:4:      gammafunk_cloud_chamber, layout_rooms
D:5:      layout_basic, uniq_menkaure
D:6:      layout_loops_ring, lemuel_crystal_altar,
          nicolae_overflow_hidden_temple
D:7:      cheibrodos_iron_armory, layout_cave_pools, elyvilon_altar_4,
          nicolae_ru_path_of_blood, minmay_temple_entry_hall, serial_shops,
          kennysheep_little_box, uniq_duvessa, uniq_harold,
          uniq_crazy_yiuf_cottage

Skill      XL: |  1  2  3  4  5  6  7  8 |
---------------+-------------------------+-----
Dodging        | 3 4 |  4.4
Shields        | 1 2 3 |  3.0
Long Blades    | 3 4 |  4.4
Stealth        | 1 2 3 |  3.5
Charms         | 1 2 |  2.8
Fighting       | 3 |  3.1
Axes           | 1 2 |  2.1
Throwing       | |  1.0
Spellcasting   | |  2.7
Translocations | |  3.8

Action                   |  1- 3 |  4- 6 |  7- 9 || total
-------------------------+-------+-------+-------++-------
Melee: Falchion          |    46 |   201 |       ||   247
       Tentacles         |     7 |    53 |     8 ||    68
       Constrict         |     7 |    55 |    14 ||    76
       Bite              |       |    28 |     7 ||    35
       Hand axe          |       |    12 |    58 ||    70
Throw: Javelin           |       |     1 |       ||     1
 Cast: Shroud of Golubri |     2 |    21 |     7 ||    30
  Use: Scroll            |       |     4 |       ||     4
       Potion            |       |     2 |     1 ||     3
 Stab: Sleeping          |     2 |     8 |     5 ||    15
  Eat: Chunk             |     1 |    13 |     4 ||    18
Armor: Skin              |     6 |     1 |     3 ||    10
Dodge: Dodged            |    24 |    85 |    33 ||   142
Block: Buckler           |     5 |    24 |    14 ||    43
       Rpst.: Falchion   |     6 |    26 |       ||    32

Table legend:
 A = Non-vault XP
 B = Vault XP
 C = Vault XP percentage of total XP
 D = Non-vault monster count
 E = Vault monster count
 F = Vault count percentage of total count
                 A         B        C        D         E       F
            +---------+---------+-------+---------+---------+-------
      Total |    1016 |     354 |  25.8 |      97 |      33 |  25.4
            +---------+---------+-------+---------+---------+-------
        D:1 |      57 |       0 |   0.0 |      20 |       0 |   0.0
        D:2 |      75 |       8 |   9.6 |      23 |       4 |  14.8
        D:3 |      55 |      53 |  49.1 |      17 |       8 |  32.0
        D:4 |      61 |       0 |   0.0 |       4 |       0 |   0.0
        D:5 |     258 |     172 |  40.0 |      20 |       1 |   4.8
        D:6 |     412 |       0 |   0.0 |      11 |       0 |   0.0
        D:7 |      98 |      67 |  40.6 |       2 |       1 |  33.3
      Sewer |       0 |      54 | 100.0 |       0 |      19 | 100.0
            +---------+---------+-------+---------+---------+-------
